 Dungeon Crawl Stone Soup version 0.27.1-3-gb3d3a73c9e (webtiles) character file.

Game seed: 18344743538012348797

18 loralnil the Sneak (level 2, 0/15 HPs)
             Began as a Kobold Enchanter on Oct 22, 2021.
             Slain by an adder (1 damage)
             ... on level 2 of the Dungeon.
             The game lasted 00:01:40 (1391 turns).

loralnil the Sneak (Kobold Enchanter)               Turns: 1391, Time: 00:01:40

Health: 0/15       AC:  2    Str:  5    XL:     2   Next: 85%
Magic:  3/5        EV: 15    Int: 16    God:
Gold:   64         SH:  0    Dex: 15    Spells: 4/5 levels left

rFire    . . .     SeeInvis .   a - +1 dagger
rCold    . . .     Faith    .   (shield restricted)
rNeg     . . .     Spirit   .   b - +0 robe
rPois    .         Reflect  .   (no helmet)
rElec    .         Harm     .   (no cloak)
rCorr    .         Rampage  .   (no gloves)
Will     .....                  (no boots)
Stlth    ++++......             (no amulet)
HPRegen  0.05/turn              (no ring)
MPRegen  0.09/turn              (no ring)

@: no status effects
A: small, no large weapons, nightstalker 3
a: no special abilities


You were on level 2 of the Dungeon.
You visited 1 branch of the dungeon, and saw 2 of its levels.

You collected 64 gold pieces.

Inventory:

Hand Weapons
 a - a +1 dagger (weapon)
Armour
 b - a +0 robe (worn)
 d - a +0 buckler
Scrolls
 c - a scroll of magic mapping {unknown}
Potions
 e - a potion of curing {unknown}


   Skills:
 + Level 1.9 Short Blades
 + Level 2.7 Dodging
 + Level 4.3 Stealth
 + Level 2.4 Spellcasting
 + Level 3.1 Hexes


You had 4 spell levels left.
You knew the following spells:

 Your Spells              Type           Power      Damage    Failure   Level
a - Corona                Hex            13%        N/A       5%          1

Your spell library contained the following spells:

 Spells                   Type           Power      Damage    Failure   Level
 Ensorcelled Hibernation  Hex/Ice        14%        N/A       16%         2
 Confusing Touch          Hex            12%        N/A       16%         3
 Tukima's Dance           Hex            12%        N/A       16%         3
 Dazzling Flash           Conj/Hex       14%        N/A       30%         3


Dungeon Overview and Level Annotations

Branches:
Dungeon (2/15)

Altars:

Shops:
D:1 =


Innate Abilities, Weirdness & Mutations

You are small and have problems with some larger weapons.
You are completely attuned to the shadows.


Message History

Where to? (? - help)
There is a stone staircase leading down here.
You climb downwards.
There is a stone staircase leading up here.
An adder is nearby!
The adder hisses angrily.
The adder bites you.
Casting: Corona (safe; 5% risk of failure)
Confirm with . or Enter, or press ? or * to list all spells.
Aiming: Corona (safe; 5% risk of failure)
Press: ? - help, Shift-Dir - straight line, f - adder
Aim: an adder (chance to affect: 57%)
The adder struggles to resist.
The adder closely misses you. x2
Casting: Corona (safe; 5% risk of failure)
Confirm with . or Enter, or press ? or * to list all spells.
Aiming: Corona (safe; 5% risk of failure)
Press: ? - help, Shift-Dir - straight line, f/p - adder
Aim: an adder (chance to affect: 57%)
The adder is outlined in light.
The adder bites you.
You closely miss the adder. The adder barely misses you.
You hit the adder but do no damage. The adder barely misses you.
You hit the adder.
The adder is lightly wounded.
The adder barely misses you.
You barely miss the adder.
The adder is lightly wounded.
The adder bites you.
* * * LOW HITPOINT WARNING * * *
The adder barely misses you.
You barely miss the adder.
The adder is lightly wounded.
The adder barely misses you.
You hit the adder.
The adder is moderately wounded.
The adder bites you.
* * * LOW HITPOINT WARNING * * *
You barely miss the adder.
The adder is moderately wounded.
The adder stops glowing.
The adder bites you.
You die...

#######
#.<....
#.#####
#@# #S#
..#
....
##...


You could see an adder.

Vanquished Creatures
  A dart slug (D:1)
  A ball python (D:1)
  2 endoplasms (D:1)
  5 goblins (D:1)
  A quokka (D:1)
  A bat (D:1)
  A frilled lizard (D:1)
  3 rats (D:1)
  A toadstool (D:1)
16 creatures vanquished.

Vanquished Creatures (others)
  5 fungi (D:1)
  3 toadstools (D:1)
8 creatures vanquished.

Grand Total: 24 creatures vanquished

Notes
Turn   | Place    | Note
-------+----------+-------------------------------------------
     0 | D:1      | loralnil the Kobold Enchanter began the quest for the Orb.
     0 | D:1      | Reached XP level 1. HP: 10/10 MP: 3/3
   440 | D:1      | Found Orgho Vazywo's Jewellery Boutique.
   458 | D:1      | Reached XP level 2. HP: 15/15 MP: 3/5
   576 | D:1      | Found a faded altar of an unknown god.
  1391 | D:2      | Slain by an adder

Illustrated notes

Levels and vault maps discovered:
D:1:      ldierk_water_garden, layout_loops_ring,
          shapermc_ecumenical_altar_acropolis, serial_shops, shop,
          minmay_fountain_box
D:2:      layout_loops_ring, minmay_strange_pillars, due_unseen_surprise

Action                   || total
-------------------------++-------
Melee: Dagger            ||    58
 Cast: Corona            ||    11
 Stab: Sleeping          ||     5
Armor: Robe              ||     3
Dodge: Dodged            ||    44
